 Dungeon Crawl Stone Soup version 0.29.0-4-gdea44cf6ec (webtiles) character file.

Game seed: 362671456165452343

30 qw the Chopper (level 3, -3/31 HPs)
             Began as a Barachi Chaos Knight on Sept 6, 2022.
             Slain by a sixfirhy (12 damage)
             ... summoned by Xom
             ... on level 1 of the Dungeon.
             The game lasted 00:00:18 (754 turns).

qw the Chopper (Barachi Chaos Knight)                Turns: 754, Time: 00:00:18

Health: -3/31      AC:  5    Str: 13    XL:     3   Next: 18%
Magic:  3/3        EV: 11    Int: 20    God:
Gold:   11         SH:  0    Dex:  9    Spells: 2/2 levels left

rFire   . . .      SeeInvis .   a - +0 hand axe (chaos)
rCold   . . .      Faith    .   (no shield)
rNeg    . . .      Spirit   .   b - +2 leather armour
rPois   +          Reflect  .   (no helmet)
rElec   .          Harm     .   (no cloak)
rCorr   .          Rampage  .   (no gloves)
Will    .....                   (no boots)
Stlth   ..........              (no amulet)
HPRegen 0.10/turn               (no ring)
MPRegen 0.08/turn               (no ring)

@: confused, slow
A: amphibious, slowness 1, strong legs 1, +LOS, clever 2, poison resistance,
robust 1
a: Hop


You were on level 1 of the Dungeon.
You visited 1 branch of the dungeon, and saw 1 of its levels.

You collected 11 gold pieces.


Innate Abilities, Weirdness & Mutations

You are amphibious.
You cover ground slowly.
You can hop short distances.
You have an extended range of vision and can be seen from far away.
Your mind is very acute. (Int +8, Str/Dex -2)
Your system is resistant to poisons. (rPois)
You are robust. (+10% HP)


   Skills:
 - Level 3.6 Fighting
 + Level 4.6 Axes
 - Level 2.4 Armour
 - Level 1.1 Dodging


You had 2 spell levels left.
You didn't know any spells.
Your spell library was empty.

Inventory:

Hand Weapons
 a - a +0 hand axe of chaos (weapon)
 e - a +0 club
Armour
 b - a +2 leather armour (worn)
Scrolls
 d - a scroll of enchant armour {unknown}
 f - a scroll of summoning {unknown}
Potions
 g - a potion of might {unknown}
 h - a potion of lignification {unknown}
Miscellaneous
 c - a piece from Xom's chessboard (15/15)

Dungeon Overview and Level Annotations

Branches:
Dungeon (1/15)

Altars:


Message History

You open the door.
A rat comes into view.
Found a puce potion.
Found a stone staircase leading down.
You barely miss the rat. The rat closely misses you.
You hit the rat.
You kill the rat!
There is an open door here.
You see here a rat corpse.
h - a puce potion
There is a stone staircase leading down here.
You open the door.
There is an open door here.
A jackal comes into view.
Enter note: You hit the jackal.
The jackal is almost dead.
The jackal closely misses you.
You barely miss the jackal.
The jackal is almost dead.
The jackal bites you. The jackal barely misses you.
You hit the jackal. You freeze the jackal.
You kill the jackal! "Fight to survive, mortal."
The divine experience confuses you!
You are confused.
You're too confused to move!
You closely miss the shadow imp. You hit the iron imp but do no damage.
You hit the crimson imp. You freeze the crimson imp.
The sixfirhy hits you but does no damage.
The crimson imp blinks!
You miss the sixfirhy. You barely miss the iron imp.
You barely miss the shadow imp. The iron imp barely misses you.
The shadow imp gestures at you. Pain shoots through your body!
You bump into the rock wall.
The iron imp hits you!
The shadow imp hits you but does no damage.
The sixfirhy hits you!
You die...

###### #5...#
#5##.######
#####@#.......#
......4553.5##.#.#
...#####.##.#....#
#.........##
######.....######
##..#.......
#....##### #.####
##'##


You could see a sixfirhy (summoned), a chaos spawn (summoned), an iron imp
(summoned), a crimson imp (summoned), a white imp (summoned) and 2 shadow imps.

Vanquished Creatures
  A gnoll (D:1)
  An endoplasm (D:1)
  A giant cockroach (D:1)
  3 goblins (D:1)
  5 hobgoblins (D:1)
  A jackal (D:1)
  2 ball pythons (D:1)
  A frilled lizard (D:1)
  2 rats (D:1)
17 creatures vanquished.

Notes
Turn   | Place    | Note
-------+----------+-------------------------------------------
     0 | D:1      | qw the Barachi Chaos Knight began the quest for the Orb.
     0 | D:1      | Reached XP level 1. HP: 18/18 MP: 1/1
     0 | D:1      | 0 ||| qw: Version: 0.1-a-107-g9ff403c
     0 | D:1      | 0 ||| qw: Game counter: 6050
     0 | D:1      | 0 ||| qw: Always use a shield: true
     0 | D:1      | 0 ||| qw: God list: Okawaru
     0 | D:1      | 0 ||| qw: Allow faded altars: false
     0 | D:1      | 0 ||| qw: Do Orc after D:15 true
     0 | D:1      | 0 ||| qw: Do second Lair branch before Depths: true
     0 | D:1      | 0 ||| qw: Lair rune preference: random
     0 | D:1      | 0 ||| qw: Plans: Normal
     0 | D:1      | 0 ||| PLANNING D:1-11
     0 | D:1      | Fell from the grace of Xom
   125 | D:1      | 125 ||| Stepping ~*~*~tactically~*~*~ (stealth).
   127 | D:1      | 127 ||| Stepping ~*~*~tactically~*~*~ (stealth).
   141 | D:1      | Reached skill level 4 in Axes
   141 | D:1      | Reached XP level 2. HP: 19/24 MP: 2/2
   169 | D:1      | XOM: noise
   213 | D:1      | XOM: give mutations
   213 | D:1      | Gained mutation: You are robust. (+10% HP) [Xom's grace]
   213 | D:1      | Gained mutation: Your mind is acute. (Int +4, Str/Dex -1)
                  | [Xom's grace]
   213 | D:1      | Gained mutation: Your system is resistant to poisons.
                  | (rPois) [Xom's grace]
   213 | D:1      | Gained mutation: Your mind is very acute. (Int +8, Str/Dex
                  | -2) [Xom's grace]
   500 | D:1      | Reached XP level 3. HP: 31/31 MP: 3/3
   583 | D:1      | Found a faded altar of an unknown god.
   750 | D:1      | XOM: summons 7 hostile demons
   751 | D:1      | Noticed a chaos spawn
   751 | D:1      | Noticed a sixfirhy
   754 | D:1      | Slain by a sixfirhy

Levels and vault maps discovered:
D:1:      lightli_arrival_windingriver, layout_loops_corners,
          basic_ecumenical_altar

Skill      XL: |  1 |
---------------+----+-----
Axes           | 4 |  4.6
Fighting       | |  3.6
Armour         | |  2.4
Dodging        | |  1.1

Action                   || total
-------------------------++-------
Melee: Hand axe          ||    50
Invok: Renounce Religion ||     1
Armor: Leather armour    ||    19
Dodge: Dodged            ||    17

Table legend:
 A = Non-vault XP
 B = Vault XP
 C = Vault XP percentage of total XP
 D = Non-vault monster count
 E = Vault monster count
 F = Vault count percentage of total count
                 A         B        C        D         E       F
            +---------+---------+-------+---------+---------+-------
      Total |      43 |       0 |   0.0 |      17 |       0 |   0.0
            +---------+---------+-------+---------+---------+-------
        D:1 |      43 |       0 |   0.0 |      17 |       0 |   0.0
            +---------+---------+-------+---------+---------+-------
